 Dungeon Crawl Stone Soup version 0.27.1-1-g398f81649c (webtiles) character file.

Game seed: 381864634855008675

2272 ZARRMARR the Slicer (level 9, -6/62 HPs)
             Began as an Octopode Monk on Sept 10, 2021.
             Mangled by an orc warrior (18 damage)
             ... in a bailey.
             The game lasted 00:18:41 (9437 turns).

ZARRMARR the Slicer (Octopode Monk)                 Turns: 9437, Time: 00:18:42

Health: -6/62      AC:  5    Str: 10    XL:     9   Next: 38%
Magic:  9/9        EV: 16    Int: 15    God:
Gold:   321        SH:  0    Dex: 15    Spells: 8/8 levels left

rFire    . . .     SeeInvis .   g - +3 short sword (flame)
rCold    . . .     Faith    .   (no shield)
rNeg     + . .     Spirit   .   (helmet restricted)
rPois    .         Reflect  .   (no amulet)
rElec    .         Harm     .   c - +4 ring of protection
rCorr    .         Rampage  .   e - ring of positive energy
Will     .....                  (no ring)
Stlth    +++++.....             (no ring)
HPRegen  0.20/turn              (no ring)
MPRegen  0.11/turn              (no ring)
                                (no ring)
                                (no ring)

@: no status effects
A: almost no armour, amphibious, 8 rings, camouflage 1, gelatinous body 1,
(nimble swimmer 1), tentacles
a: no special abilities


You were in a bailey.
You visited 1 branch of the dungeon, and saw 7 of its levels.
You also visited: Bailey.

You collected 321 gold pieces.

Inventory:

Hand Weapons
 g - a +3 short sword of flaming (weapon)
 u - the +7 hunting sling of Bright Watchfulness {freeze, Str+2 Int+4}
   (You found it on level 6 of the Dungeon)

   Any ammunition fired from it freezes those it strikes, dealing additional
   cold damage.
   It can also slow down cold-blooded creatures.
   Str:       It affects your strength (+2).
   Int:       It affects your intelligence (+4).
Missiles
 d - 5 boomerangs (quivered)
 q - a throwing net
Jewellery
 c - a +4 ring of protection (left tentacle)
 e - a ring of positive energy (right tentacle)
Wands
 h - a wand of flame (15)
 t - a wand of digging (2)
Scrolls
 a - 2 scrolls of fear
 b - a scroll of summoning
 l - 3 scrolls of teleportation
 m - a scroll of blinking {unknown}
 n - a scroll of enchant armour {unknown}
 o - a scroll of immolation {unknown}
 p - a scroll of acquirement {unknown}
Potions
 f - a potion of brilliance {unknown}
 i - a potion of flight {unknown}
 j - a potion of berserk rage {unknown}
 r - a potion of resistance
 s - a potion of lignification {unknown}


   Skills:
 + Level 6.2 Fighting
 * Level 8.2 Short Blades
 + Level 6.2 Dodging
 + Level 8.2 Stealth


You had 8 spell levels left.
You didn't know any spells.
Your spell library contained the following spells:

 Spells                   Type           Power      Damage    Failure   Level
 Beastly Appendage        Tmut           0%         N/A       26%         1
 Slow                     Hex            0%         N/A       38%         2
 Wereblood                Tmut           0%         N/A       38%         2
 Confusing Touch          Hex            0%         N/A       63%         3
 Spider Form              Tmut/Pois      0%         N/A       63%         3
 Yara's Violent Unravell  Hex/Tmut       0%         3d3       100%        5


Dungeon Overview and Level Annotations

Branches:
Dungeon (7/15)             Temple (0/1) D:7          Bailey (1/1)

Altars:

Shops:
D:4 :!!*   D:5 *

Annotations:
D:5 exclusion: downstairs


Innate Abilities, Weirdness & Mutations

You cannot wear most types of armour.
You are amphibious.
You can wear up to eight rings at the same time.
Your skin changes colour to match your surroundings (Stealth+).
Your rubbery body absorbs attacks. (AC +1, EV +1)
((You are camouflaged near water. (Stealth+)))
You have tentacles for arms and can constrict up to eight enemies at once.


Message History

You are too injured to fight recklessly!
You are too injured to fight recklessly!
You are too injured to fight recklessly!
You are too injured to fight recklessly!
You are too injured to fight recklessly!
You are too injured to fight recklessly!
You are too injured to fight recklessly!
You are too injured to fight recklessly!
You are too injured to fight recklessly!
You are too injured to fight recklessly!
You are too injured to fight recklessly!
You are too injured to fight recklessly!
You are too injured to fight recklessly!
You are too injured to fight recklessly!
You are too injured to fight recklessly!
You are too injured to fight recklessly!
You are too injured to fight recklessly!
You are too injured to fight recklessly!
You are too injured to fight recklessly!
You are too injured to fight recklessly!
You are too injured to fight recklessly!
You are too injured to fight recklessly!
You are too injured to fight recklessly!
You are too injured to fight recklessly!
You are too injured to fight recklessly!
You are too injured to fight recklessly!
You are too injured to fight recklessly!
You are too injured to fight recklessly!
You are too injured to fight recklessly!
You hit the orc warrior. You burn the orc warrior. You grab the orc warrior.
You squeeze the orc warrior, but do no damage.
The orc warrior is lightly wounded.
You constrict the orc warrior.
The orc warrior hits you with a +0 halberd!!
* * * LOW HITPOINT WARNING * * *
You hit the orc warrior. You burn the orc warrior. You squeeze the orc warrior.
The orc warrior is heavily wounded.
You constrict the orc warrior, but do no damage.
The orc warrior hits you with a +0 halberd!!
You die...

'...##..≈.# ..##.##..≈≈.#
.o...§≈ #'#..≈≈.## ⌠∩⌠..≈
#'#..≈≈.∩# ....≈≈ #
##..≈≈.# ≈§≈≈. ##))≈.# ...
##.≈.#
#########+###'#########)≈.#
.....##.....##.o@....)..≈.#
≈≈≈≈..##.∩.##..≈≈≈≈≈≈≈≈≈≈.#
...≈≈..## ##.)≈≈..........#
##..≈≈.)###).≈≈..##########
##..≈≈.....≈≈..##
##..≈≈≈≈≈≈≈..##
##.........## ###########


You could see an orc warrior.

Vanquished Creatures
  Menkaure (D:4)
  An orc warrior (Bailey)
  2 black bears (D:5)
  A sky beast (D:5)
  An ice beast (D:6)
  3 necrophages
  A phantom (D:6)
  A bullfrog (D:6)
  A scorpion (D:6)
  2 water moccasin skeletons (D:6)
  4 wights
  A bullfrog zombie (D:6)
  2 centaur zombies (D:5)
  A hound (D:6)
  A gnoll shaman (D:6)
  2 bullfrog skeletons (D:4)
  4 orc priests
  A centaur skeleton (D:7)
  A jelly (D:5)
  Jessica (D:3)
  A scorpion zombie (D:5)
  3 iguanas
  Natasha (thrice) (D:2)
  2 orc wizards
  9 gnolls
  6 adders
  2 white imps
  2 adder skeletons
  2 worms
  2 dart slugs
  40 orcs
  10 bats
  5 endoplasms
  A giant cockroach (D:4)
  11 goblins
  3 hobgoblins
  2 jackals (D:1)
  4 quokkas
  8 ball pythons
  7 frilled lizards
  9 kobolds
  10 rats
  6 bushes (D:1)
180 creatures vanquished.

Vanquished Creatures (others)
  4 plants (D:1)
4 creatures vanquished.

Grand Total: 184 creatures vanquished

Notes
Turn   | Place    | Note
-------+----------+-------------------------------------------
     0 | D:1      | ZARRMARR the Octopode Monk began the quest for the Orb.
     0 | D:1      | Reached XP level 1. HP: 16/16 MP: 1/1
   119 | D:1      | Reached XP level 2. HP: 21/21 MP: 2/2
   451 | D:1      | Found a faded altar of an unknown god.
   721 | D:1      | Reached XP level 3. HP: 24/26 MP: 3/3
  2335 | D:2      | Noticed Natasha
  2337 | D:2      | Reached XP level 4. HP: 31/31 MP: 4/4
  2341 | D:2      | Killed Natasha
  2374 | D:2      | Noticed Natasha
  2383 | D:2      | Killed Natasha
  2629 | D:2      | Reached XP level 5. HP: 37/37 MP: 5/5
  2754 | D:2      | Noticed Natasha
  2771 | D:2      | Killed Natasha
  3335 | D:3      | Noticed a necrophage
  3351 | D:3      | Killed a necrophage
  3352 | D:3      | Reached XP level 6. HP: 37/43 MP: 6/6
  4084 | D:3      | Noticed Jessica
  4090 | D:3      | Killed Jessica
  4091 | D:3      | Reached skill level 5 in Short Blades
  4091 | D:3      | Reached skill level 5 in Stealth
  4308 | D:4      | Found Durghez's Distillery.
  4373 | D:4      | Reached XP level 7. HP: 34/49 MP: 7/7
  4387 | D:4      | Noticed Menkaure
  4884 | D:4      | Found Totruf's Jewellery Shop.
  4901 | D:4      | Killed Menkaure
  5027 | D:4      | Found Atuikaf's General Store.
  5479 | D:4      | Found Vanigg's Book Shop.
  5511 | D:4      | Found Enite's Distillery.
  5873 | D:5      | Entered Level 5 of the Dungeon
  5959 | D:5      | Reached skill level 5 in Fighting
  5959 | D:5      | Reached skill level 5 in Dodging
  5959 | D:5      | Reached XP level 8. HP: 51/55 MP: 8/8
  6192 | D:5      | Found Ushred's CLEARANCE SALE! EVERYTHING MUST GO!.
  7540 | D:6      | Reached XP level 9. HP: 53/62 MP: 9/9
  8253 | D:6      | Identified the +7 hunting sling of Bright Watchfulness
                  | {freeze, Str+2 Int+4}
  8915 | D:7      | Found a flagged portal.
  8927 | Bailey   | Entered a bailey
  9437 | Bailey   | Mangled by an orc warrior

Illustrated notes

Levels and vault maps discovered:
D:1:      shiori_arrival_elements, layout_rooms,
          chequers_ecumenical_altar_island, lexackson_kobold_supper
D:2:      layout_loops_ring, uniq_natasha
D:3:      layout_basic, chequers_serial_rivers_micro_c, minmay_checkerbox,
          uniq_jessica
D:4:      layout_rooms, serial_shops, nicolae_shop_trees, nicolae_square_shop,
          nicolae_shop_stone, shop_fountains, nicolae_stop_n_shop_1,
          uniq_menkaure
D:5:      layout_basic, nicolae_shop_clearance
D:6:      layout_rooms
D:7:      layout_basic, minmay_temple_entry_offerings, enter_bailey_4
Bailey:   bailey_polearm_1, bailey

Skill      XL: |  1  2  3  4  5  6  7  8  9 |
---------------+----------------------------+-----
Stealth        | 3 4 5 6 7 8 |  8.2
Short Blades   | 4 5 6 7 8 |  8.2
Fighting       | 4 5 6 |  6.2
Dodging        | 4 5 6 |  6.2

Action                   |  1- 3 |  4- 6 |  7- 9 || total
-------------------------+-------+-------+-------++-------
Melee: Short sword       |   939 |   127 |   270 ||  1336
       Constrict         |    18 |    32 |    62 ||   112
       Tentacles         |   289 |    24 |    81 ||   394
  Use: Scroll            |       |     4 |     7 ||    11
 Stab: Sleeping          |    13 |    10 |     6 ||    29
       Distracted        |       |       |     1 ||     1
Armor: Skin              |    26 |    14 |    47 ||    87
Dodge: Dodged            |    72 |    67 |   174 ||   313
